 Dungeon Crawl Stone Soup version 0.31.0-9-g3a7656b989 (webtiles) character file.

Game seed: 2057835563598797135

3599 qw the Nimble (level 9, -8/45 HPs)
             Began as a Spriggan Hunter on Feb 2, 2024.
             Was a Believer of Okawaru.
             Mangled by a hornet (9 damage)
             ... on level 8 of the Dungeon.
             The game lasted 00:00:36 (6199 turns).

qw the Nimble (Spriggan Hunter)                     Turns: 6199, Time: 00:00:36

Health: -8/45      AC:  4    Str:  7    XL:     9   Next: 85%
Magic:  13/13      EV: 27    Int: 11    God:    Okawaru [**....]
Gold:   521        SH:  0    Dex: 22    Spells: 8/8 levels left

rFire   . . .        i - +0 orcbow
rCold   . . .        (shield currently unavailable)
rNeg    . . .        d - +2 robe
rPois   .            (helmet restricted)
rElec   .            (no cloak)
rCorr   .            (gloves unavailable)
SInv    +            (boots unavailable)
Will    +....        b - amulet of regeneration
Stlth   ++           (no ring)
HPRegen 1.07/turn    (no ring)
MPRegen 0.13/turn

%: no passive effects
@: lethally poisoned (-8 -> -9), about to teleport, slowed, quick
A: very small, no large weapons, unfitting armour, see invisible, speed 3
a: Renounce Religion, Heroism


You were on level 8 of the Dungeon.
You worshipped Okawaru.
Okawaru was pleased with you.
You visited 2 branches of the dungeon, and saw 9 of its levels.
You also visited: Sewer.

You collected 521 gold pieces.


Innate Abilities, Weirdness & Mutations

You are very small and have problems with some larger weapons.
You are too small for most types of armour.
You have supernaturally acute eyesight. (SInv)
You cover ground extremely quickly. (Speed+++)


   Skills:
 - Level 4.1 Fighting
 + Level 10.4 Ranged Weapons
 - Level 11.1 Dodging
 - Level 1.5 Stealth
 - Level 4.0 Invocations


You had 8 spell levels left.
You didn't know any spells.
Your spell library was empty.

Inventory:

Hand Weapons
 i - a +0 orcbow (weapon)
Armour
 d - a +2 robe (worn)
 h - +0 steam dragon scales
Jewellery
 b - an amulet of regeneration (around neck)
Wands
 a - a wand of mindburst (19)
 g - a wand of polymorph (9)
Scrolls
 c - a scroll of teleportation
 j - a scroll of identify
Potions
 e - 3 potions of curing
 f - 3 potions of might
 k - a potion of lignification {unknown}
 l - 2 potions of enlightenment
 m - a potion of heal wounds

Dungeon Overview and Level Annotations

Branches:
Dungeon (8/15)             Temple (1/1) D:6            Lair (0/5) D:8
  Sewer (visited)

Altars:
Ashenzari
Cheibriados
Dithmenos
Elyvilon
Fedhas
Gozag
Hepliaklqana
Kikubaaqudgha
Nemelex Xobeh
Okawaru
Ru
Uskayaw
Wu Jian
Zin
The Shining One

Shops:
D:1 :?=[

Annotations:
D:8 Psyche


Message History

The hornet misses you.
You shoot an arrow.
The arrow hits the hornet but does no damage.
The hornet is moderately wounded.
The hornet completely misses you. x2
You shoot an arrow. The arrow misses the hornet.
Psyche mumbles some strange words.
Psyche flickers and vanishes for a moment.
The hornet misses you.
You shoot an arrow. The arrow barely misses the hornet.
The arrow hits the orc!
You kill the orc!
Okawaru accepts your kill. The hornet misses you.
You shoot an arrow. The arrow hits the hornet.
The hornet is moderately wounded.
The hornet closely misses you.
A white imp comes into view.
Psyche casts a spell.
A swirling arc of seething chaos appears!
The arc of chaos hits the hornet.
The hornet is poisoned.
The arc of chaos hits the hornet.
The hornet stings you!
You suddenly lose the ability to move!
You hear an angry buzzing noise.
The hornet stings you.
You feel yourself slow down. The hornet stings you.
You are poisoned.
You feel as though you will be slow longer.
The hornet stings you!
You feel as though you will be slow longer.
You feel very sick.
A killer bee comes into view.
The hornet stings you!
You feel as though you will be slow longer.
You can move again.
6199 ||| READING 2 scrolls of teleportation.
As you read the scroll of teleportation, it crumbles to dust.
You feel strangely unstable.
You feel sick. The hornet completely misses you. The hornet closely misses you.
The hornet stings you!
You die...

...##
#..##.#####.##.......#
..(.# #.##.##
##.##......# .<..#
#.#.## ##.#......#
....# #.#.#
#.##......# ....#
#...# #.# .......# ...
#.#.# #. #.#.#+## #+#
## #.#.## . #.#.#...
#.# #.. ####.## .#
##.#.#... #.##..# ##@#
## ##..#..... #.#..#
##y@y..##...#.#...
....# #5....###..##.##
..#.# ##..#..##..#.#
..# # #.#..##...#
#.#.. ##..##..# #.#.#
#..#..# #.#.# #.
##.#..# #.#.## #.#
#.#...#


You could see Psyche (invisible), a hornet (poisoned), a killer bee and a white
imp.

Vanquished Creatures
  An elephant (D:8)
  Maggie (D:8)
  A blink frog (shapeshifter) (D:8)
  A slime creature (D:8)
  A yak (D:8)
  An ice beast (D:7)
  6 black bears
  A sky beast (D:6)
  A centaur (D:4)
  2 phantoms
  5 kobold brigands
  A bullfrog (D:7)
  A scorpion (D:4)
  5 killer bees (D:7)
  6 hounds
  3 jellies
  A bombardier beetle (D:7)
  3 orc priests (D:4)
  Jessica (D:2)
  3 iguanas
  2 orc wizards
  6 adders
  6 gnolls
  A river rat (Sewer)
  2 white imps
  2 ribbon worms (Sewer)
  3 dart slugs
  10 orcs
  9 ball pythons
  8 endoplasms
  5 giant cockroaches
  4 goblins
  9 hobgoblins
  14 jackals
  38 kobolds
  6 quokkas
  17 bats
  4 frilled lizards
  3 rats (D:1)
194 creatures vanquished.

Notes
Turn   | Place    | Note
-------+----------+-------------------------------------------
     0 | D:1      | qw the Spriggan Hunter began the quest for the Orb.
     0 | D:1      | Reached XP level 1. HP: 10/10 MP: 2/2
     0 | D:1      | 0 ||| qw: Version: 0.3-a-155-g5e7d8dd
     0 | D:1      | 0 ||| qw: Game counter: 884
     0 | D:1      | 0 ||| qw: Melee chars always use a shield: true
     0 | D:1      | 0 ||| qw: God list: Okawaru
     0 | D:1      | 0 ||| qw: Allow faded altars: false
     0 | D:1      | 0 ||| qw: Do Orc after clearing Dungeon:15 true
     0 | D:1      | 0 ||| qw: Do second Lair branch before Depths: true
     0 | D:1      | 0 ||| qw: Lair rune preference: random
     0 | D:1      | 0 ||| qw: Goals: Normal
     0 | D:1      | 0 ||| PLANNING D:1-11
    17 | D:1      | Found Lathaer's Jewellery Boutique.
    19 | D:1      | 19 ||| SHOPLISTING amulet of the acrobat (390 gold, have
                  | 0).
    19 | D:1      | 19 ||| SHOPLISTING ring of poison resistance (260 gold,
                  | have 0).
    19 | D:1      | 19 ||| SHOPLISTING ring of protection from fire (325 gold,
                  | have 0).
    22 | D:1      | Reached skill level 3 in Dodging
    45 | D:1      | Reached XP level 2. HP: 14/14 MP: 3/3
    88 | D:1      | Reached skill level 4 in Dodging
   174 | D:1      | Found Ywuorroe's Antique Armour Emporium.
   349 | D:1      | Found Rafie's Magic Scroll Shop.
   357 | D:1      | 357 ||| SHOPLISTING scroll of enchant weapon (75 gold, have
                  | 22).
   563 | D:1      | Found Leurrear's Book Shoppe.
   567 | D:1      | 567 ||| READING scroll labelled XIUTUZX ZAEZINU.
   568 | D:1      | 568 ||| READING scroll labelled XUARPHA AJOA.
   569 | D:1      | 569 ||| DRINKING 3 sapphire potions.
   570 | D:1      | 570 ||| DROPPING scroll of butterflies.
   717 | D:2      | Reached XP level 3. HP: 18/18 MP: 4/4
   841 | D:2      | Noticed Jessica
   845 | D:2      | Killed Jessica
   846 | D:2      | Reached XP level 4. HP: 13/22 MP: 5/5
   847 | D:2      | 847 ||| FLEEEEING.
   859 | D:2      | 859 ||| FLEEEEING.
  1307 | D:2      | Reached skill level 5 in Dodging
  1310 | D:2      | 1310 ||| UPGRADING to +2 robe.
  1320 | D:2      | 1320 ||| DROPPING +0 robe.
  1321 | D:2      | 1321 ||| READING scroll labelled XOKLYUNTEL.
  1321 | D:2      | 1321 ||| IDENTIFYING 2 fuming green potions
  1322 | D:2      | 1322 ||| DRINKING 2 pink potions.
  1687 | D:3      | Found a faded altar of an unknown god.
  1834 | D:3      | Found a glowing golden altar of the Shining One.
  2123 | D:3      | 2123 ||| UPGRADING to amulet of regeneration.
  2128 | D:3      | 2128 ||| DROPPING ring of wizardry.
  2129 | D:3      | 2129 ||| READING 3 scrolls of identify.
  2129 | D:3      | 2129 ||| IDENTIFYING inky potion
  2130 | D:3      | 2130 ||| READING 2 scrolls of identify.
  2130 | D:3      | 2130 ||| IDENTIFYING bubbling yellow potion
  2131 | D:3      | 2131 ||| READING scroll of identify.
  2131 | D:3      | 2131 ||| IDENTIFYING scroll labelled UNIBUR JIOWA
  2132 | D:3      | 2132 ||| READING 2 scrolls labelled WOTTIF XIBO.
  2133 | D:3      | 2133 ||| DROPPING scroll of poison.
  2134 | D:3      | 2134 ||| DROPPING potion of brilliance.
  2135 | D:3      | 2135 ||| DROPPING potion of berserk rage.
  2137 | D:3      | 2137 ||| Stepping ~*~*~tactically~*~*~ (cloud).
  2175 | D:4      | Noticed a scorpion
  2183 | D:4      | Killed a scorpion
  2184 | D:4      | Reached XP level 5. HP: 25/26 MP: 6/6
  2200 | D:4      | HP: 1/26 [gnoll/+0 halberd (7)]
  2201 | D:4      | 2201 ||| READING scroll of teleportation.
  2202 | D:4      | 2202 ||| DRINKING potion of heal wounds.
  2217 | D:4      | Reached skill level 6 in Ranged Weapons
  2274 | D:4      | Reached XP level 6. HP: 30/30 MP: 7/7
  2297 | D:4      | Reached skill level 6 in Dodging
  2395 | D:4      | HP: 6/30 [hobgoblin/+0 mace (8)]
  2396 | D:4      | 2396 ||| READING 2 scrolls of teleportation.
  2574 | D:4      | 2574 ||| DRINKING 2 dark potions.
  2575 | D:4      | 2575 ||| DROPPING potion of degeneration.
  2613 | D:5      | Entered Level 5 of the Dungeon
  2614 | D:5      | 2614 ||| PLANNING SEWER
  2620 | D:5      | 2620 ||| STAIRDANCE
  2637 | D:5      | 2637 ||| STAIRDANCE
  2656 | D:5      | 2656 ||| STAIRDANCE
  2665 | D:5      | 2665 ||| STAIRDANCE
  2672 | D:4      | Reached XP level 7. HP: 25/35 MP: 8/8
  2699 | D:5      | Reached skill level 7 in Dodging
  2751 | D:5      | 2751 ||| FLEEEEING.
  2753 | D:5      | 2753 ||| STAIRDANCE
  2761 | D:5      | 2761 ||| STAIRDANCE
  2801 | D:5      | Found a glowing drain.
  2875 | D:5      | Found a hazy altar of Hepliaklqana.
  2876 | D:5      | Found a shadowy altar of Dithmenos.
  2876 | D:5      | Noticed a shadow
  3035 | D:5      | 3035 ||| ZAPPING wand of quicksilver (6) at -1,-1 (black
                  | bear; floor).
  3124 | D:5      | Found an ornate altar of the Wu Jian Council.
  3276 | Sewer    | Entered a sewer
  3450 | Sewer    | Reached XP level 8. HP: 39/39 MP: 9/9
  3451 | Sewer    | Reached skill level 3 in Fighting
  3776 | Sewer    | 3776 ||| READING scroll of identify.
  3776 | Sewer    | 3776 ||| IDENTIFYING fizzy orange potion
  3777 | Sewer    | 3777 ||| READING scroll labelled LYCRUE PAUVESA.
  3777 | Sewer    | 3777 ||| ENCHANTING +0 shortbow.
  3778 | Sewer    | 3778 ||| DROPPING potion of attraction.
  3801 | D:5      | 3801 ||| PLANNING D:1-11
  3851 | D:4      | 3851 ||| SWAPPING to +0 orcbow.
  3852 | D:4      | 3852 ||| DROPPING +0 shortbow.
  3887 | D:6      | Found a staircase to the Ecumenical Temple.
  3888 | D:6      | 3888 ||| PLANNING TEMPLE
  3896 | Temple   | Entered the Ecumenical Temple
  3897 | Temple   | 3897 ||| PLANNING OKAWARU WORSHIP
  3926 | Temple   | Became a worshipper of Warmaster Okawaru
  3927 | Temple   | 3927 ||| PLANNING D:1-11
  4064 | D:6      | Reached skill level 8 in Dodging
  4493 | D:6      | 4493 ||| READING 2 scrolls of identify.
  4493 | D:6      | 4493 ||| IDENTIFYING scroll labelled ECZA UDEM
  4494 | D:6      | 4494 ||| READING scroll of identify.
  4494 | D:6      | 4494 ||| IDENTIFYING scroll labelled MENEOV ZIARU
  4495 | D:6      | 4495 ||| DROPPING scroll of fear.
  4496 | D:6      | 4496 ||| DROPPING scroll of vulnerability.
  4560 | D:7      | Reached skill level 9 in Ranged Weapons
  4570 | D:7      | 4570 ||| RETREEEEATING.
  4571 | D:7      | 4571 ||| RETREEEEATING.
  4573 | D:7      | 4573 ||| RETREEEEATING.
  4574 | D:7      | 4574 ||| RETREEEEATING.
  4576 | D:7      | 4576 ||| RETREEEEATING.
  4577 | D:7      | 4577 ||| RETREEEEATING.
  4578 | D:7      | 4578 ||| RETREEEEATING.
  4579 | D:7      | 4579 ||| RETREEEEATING.
  4581 | D:7      | Reached * piety under Okawaru
  4599 | D:7      | Reached skill level 1 in Invocations
  5019 | D:7      | Reached skill level 9 in Dodging
  5073 | D:7      | 5073 ||| RETREEEEATING.
  5074 | D:7      | 5074 ||| ZAPPING wand of quicksilver (5) at 0,1 (black
                  | bear; floor).
  5075 | D:7      | 5075 ||| ZAPPING wand of quicksilver (4) at 0,1 (black
                  | bear; floor).
  5407 | D:7      | 5407 ||| READING 2 scrolls of identify.
  5407 | D:7      | 5407 ||| IDENTIFYING fuming puce potion
  5487 | D:8      | Reached skill level 3 in Invocations
  5514 | D:8      | Noticed a blink frog
  5515 | D:8      | 5515 ||| ZAPPING wand of quicksilver (3) at 5,4 (blink
                  | frog; floor).
  5516 | D:8      | 5516 ||| ZAPPING wand of quicksilver (2) at 4,3 (blink
                  | frog; floor).
  5517 | D:8      | 5517 ||| ZAPPING wand of quicksilver (1) at 2,1 (blink
                  | frog; floor).
  5518 | D:8      | Reached XP level 9. HP: 41/44 MP: 12/12
  5536 | D:8      | HP: 9/44 [slime creature (15)]
  5537 | D:8      | 5537 ||| READING 3 scrolls of teleportation.
  5680 | D:8      | Noticed Maggie
  5681 | D:8      | 5681 ||| INVOKING Heroism.
  5688 | D:8      | Killed Maggie
  5688 | D:8      | Reached ** piety under Okawaru
  5689 | D:8      | Reached skill level 10 in Dodging
  5863 | D:8      | Noticed a deep elf pyromancer
  5864 | D:8      | 5864 ||| INVOKING Heroism.
  5951 | D:8      | Found a staircase to the Lair.
  5952 | D:8      | 5952 ||| RETREEEEATING.
  5954 | D:8      | Noticed an elephant
  5955 | D:8      | 5955 ||| RETREEEEATING.
  5957 | D:8      | 5957 ||| RETREEEEATING.
  5961 | D:8      | 5961 ||| RETREEEEATING.
  5978 | D:8      | 5978 ||| INVOKING Heroism.
  5979 | D:8      | 5979 ||| DRINKING potion of haste.
  5995 | D:8      | Killed an elephant
  5996 | D:8      | Reached skill level 11 in Dodging
  6078 | D:8      | 6078 ||| INVOKING Heroism.
  6190 | D:8      | Noticed Psyche
  6195 | D:8      | Paralysed by a hornet for 3 turns
  6197 | D:8      | HP: 11/45 [hornet (16)]
  6198 | D:8      | HP: 1/45 [hornet (8)]
  6199 | D:8      | 6199 ||| READING 2 scrolls of teleportation.
  6199 | D:8      | Mangled by a hornet

Levels and vault maps discovered:
D:1:      mrwooster_arrival_statue_2, layout_loops_cross, serial_shops, shop,
          nicolae_shop_overgrown_old_shop, nicolae_shop_back_alley_shop,
          nicolae_shop_gaudy_bauble
D:2:      layout_loops_ring, kennysheep_generic_room_7, uniq_jessica
D:3:      layout_basic, tso_oasis_becter,
          dreamdust_ecumenical_altar_hidden_monk_grotto
D:4:      layout_rooms
D:5:      layout_rooms, riverfiend_overflow_shadow_ancestor,
          mainiacjoe_overflow_small_starburst, gup_sewer_entry_glass,
          corexii_item_surrounded_by_moat
D:6:      layout_layer_cave, minmay_temple_entry_stoned_glass
D:7:      layout_basic, minivault_11
D:8:      minmay_the_grid_octo_triangle [minmay_the_grid_octo_fat_diamond,
          minmay_the_grid_octo_prize_single_spiral,
          minmay_the_grid_octo_toaster], layout_basic, david_lair_generic,
          uniq_psyche, uniq_maggie
Temple:   minmay_temple_curvy_loop

Skill      XL: |  1  2  3  4  5  6  7  8  9 |
---------------+----------------------------+-----
Dodging        | 3 4 5 6 7 9 11 | 11.1
Ranged Weapons | 5 6 7 8 9 10 | 10.4
Fighting       | 2 3 4 |  4.1
Invocations    | 3 4 |  4.0
Stealth        | |  1.5

Action                     |  1- 3 |  4- 6 |  7- 9 || total
---------------------------+-------+-------+-------++-------
   Fire: Shortbow          |    84 |   217 |   200 ||   501
         Orcbow            |       |       |   309 ||   309
 Invoke: Heroism           |       |       |     4 ||     4
  Evoke: Wand              |       |       |     6 ||     6
    Use: Scroll            |     2 |     7 |     7 ||    16
         Potion            |     1 |     3 |     1 ||     5
 Armour: Robe              |    10 |    57 |   123 ||   190
  Dodge: Dodged            |    17 |   124 |   456 ||   597

Table legend:
 A = Non-vault XP
 B = Vault XP
 C = Vault XP percentage of total XP
 D = Non-vault monster count
 E = Vault monster count
 F = Vault count percentage of total count
                 A         B        C        D         E       F
            +---------+---------+-------+---------+---------+-------
      Total |    3099 |    2043 |  39.7 |     152 |      42 |  21.6
            +---------+---------+-------+---------+---------+-------
        D:1 |      33 |       0 |   0.0 |      19 |       0 |   0.0
        D:2 |      87 |      38 |  30.4 |      26 |       2 |   7.1
        D:3 |      36 |       0 |   0.0 |      14 |       0 |   0.0
        D:4 |     657 |       0 |   0.0 |      25 |       0 |   0.0
        D:5 |     497 |      32 |   6.0 |      14 |       5 |  26.3
        D:6 |     467 |       0 |   0.0 |      14 |       0 |   0.0
        D:7 |     768 |       0 |   0.0 |      13 |       0 |   0.0
        D:8 |     554 |    1899 |  77.4 |      27 |       9 |  25.0
      Sewer |       0 |      74 | 100.0 |       0 |      26 | 100.0
            +---------+---------+-------+---------+---------+-------
